[Event "Tata Steel Chess Masters 2023"]
[Site "Chess.com"]
[Date "2023.01.16"]
[Round "3"]
[White "Caruana, Fabiano"]
[Black "Van Foreest, Jorden"]
[Result "1-0"]
[WhiteElo "2766"]
[BlackElo "2681"]
[ECO "C42"]
[EventDate "2023.??.??"]
[Annotator "rafael"]
[PlyCount "91"]
[Beauty "7289633255976"]
[EventType "schev"]
[EventRounds "4"]
[TimeControl "6000+30"]

1.e4 e5 2.Nf3 Nf6 {The Petroff Defense seems too boring for a player with as fun a style as Van Foreest, but he has new ideas to play it more dynamically. The truth is that the old prejudices that players of my generation have against the Petroff, the Berlin, the London System, must be put aside, as the newer generation shows nearly every day. Well, maybe not in the case of the Berlin.} 3.Nxe5 d6 4.Nf3 Nxe4 5.d4 d5 6.Bd3 Be6 $5 {I have to admit I've never seen this move before. In fact, it's only been played a handful of times, at least compared to the vast amount of theory that goes into the Petroff Defense. This move is only Black's tenth most popular choice. Van Foreest once again lives up to his fame as an explorer of little-known paths.} 7.O-O f5 {It's important to note that the theory in this position is composed almost exclusively of correspondence games. Of course, the pawn advance creates some weaknesses in Black's camp, and pawn structure will be the main strategic theme of this game. But the knight is reinforced in his position on e4 and he has no intention of leaving, not even if attacked.} 8.Qe2 {Played after a long thought, indicating that even Caruana can be surprised in the opening.} 8...Be7 9.Ne5 {A natural move for a human, but a theoretical novelty, which in this case implicitly means that it is not the most recommended move by the machine.} ( 9.c4 c6 10.Nc3 O-O {This is a critical position and has been tested in several correspondence games.} ) 9...Nd7 {The Dutch GM was clearly still in his preparation, judging by the speed with which he executed this move.} 10.Nxd7 ( 10.Bf4 {is also possible.} ) 10...Qxd7 11.f3 O-O $1 {It's always a joy when we don't have to retreat a piece attacked by a pawn.} 12.Bf4 ( 12.fxe4 $2 {Accepting the gift is a mistake.} 12...fxe4 $1 {Black should play for an attack and not to try to win the bishop.} ( 12...dxe4 $2 {This move is tempting, but now White achieves an advantage.} 13.Bb5 c6 ( 13...Qxd4+ 14.Kh1 ( 14.Be3 Qxb2 15.Nd2 {is also better for White.} ) 14...c6 15.c3 $1 {With a material advantage.} ) 14.d5 $1 {An easy move to miss. Now the bishop escapes and White is better.} 14...Qxd5 15.Nc3 Qd4+ 16.Be3 Qb4 17.a3 $1 Qxb2 18.Bc4 {With a clear advantage.} ) 13.Rxf8+ Rxf8 14.Bb5 $6 ( 14.Bxe4 {is the best defensive chance, although Black is better.} 14...dxe4 15.Be3 ) 14...c6 15.Ba4 Bg4 16.Qe1 Bd6 {The attack is decisive, with ideas of …Qc7 or …Qf5-h5. Remember that to evaluate sacrifices we must understand what the pieces are doing on the board, not outside it.} ) 12...Bf6 13.c3 {Finally White threatens to take the knight for real.} 13...g5 {A double-edged pawn advance.} ( 13...Ng5 $6 {is not a good retreat.} 14.Nd2 Rae8 ( 14...Nf7 $2 15.Bxc7 $1 {wins a pawn.} ) 15.Bxg5 $1 Bxg5 16.f4 Bf6 17.Nf3 {The knight heads to e5 and White has a clear positional advantage.} ) ( 13...Nd6 {is also perfectly possible.} 14.Be5 f4 $5 {Black has nothing to fear, for instance:} ( 14...Rae8 15.f4 Ne4 {is rougly equal.} ) 15.Bxf4 Bxd4+ 16.cxd4 Rxf4 ) 14.Be5 Nd6 ( 14...Bxe5 {leads to a complicated game after} 15.dxe5 Nc5 16.Bc2 Qg7 ) 15.f4 $1 {A good move. Caruana wants to prevent Black from playing f4.} ( 15.Nd2 f4 $1 {This move is strategically good because it frees up the f5-square for the bishop or knight. The tactical justification can be seen after} 16.Bxf6 $6 Rxf6 17.Qe5 Qg7 $1 {defending the rook and the pawn.} ) 15...g4 $2 {The \"pawn advance\" theme is important in this game. Van Foreest played two dangerous but acceptable advances, taking a pawn to f5 and another to g5. This, his third, is a mistake. \"One is good, two is enough, three is too many.” The problem is that now the capture on e5 is compromised: White recaptures with the f-pawn and a hole opens on f4.} ( 15...Bxe5 $1 {is the right way to keep the game balanced.} 16.fxe5 ( 16.dxe5 Ne4 ) ( 16.Qxe5 g4 $1 ) 16...Ne4 {Black's pawn structure on the kingside is safe, with no clear weakness. The game is even.} ) 16.Na3 Rae8 ( 16...Bxe5 17.fxe5 Ne4 18.Rf4 {This shows the problem with Black's 15th move. White prepares to double the rooks on the f-file and play Nc2-e3.} ) 17.Nc2 {White has a comfortable advantage, precisely because Black cannot capture on e5. Without this capture there is no clear plan, while White can, among other things, play Ne3 and then h3, opening up the kingside.} 17...Bd8 {A difficult move to make and an admission that the position is not good. Black wants to eliminate the possibility of exchanging the bishops and start his advance on the queenside, as we will see. The fact is that White's position is more comfortable, thanks to the better pawn structure. The problem with advancing pawns is this: they are the only piece in chess that cannot go back.} 18.Rad1 ( 18.Ne3 $1 {is more accurate, with the idea of playing h3, opening the kingside. For example:} 18...c6 19.h3 $1 h5 ( 19...gxh3 20.Qf3 ) 20.hxg4 {Now both captures are bad for Black.} 20...hxg4 ( 20...fxg4 21.Bg6 Bf7 22.Qd3 {With a strong attack.} ) 21.Kf2 $1 {Followed by Rh1.} ) 18...c6 19.Ne3 b5 {Probably played to avoid a plan with c3-c4.} 20.a4 ( 20.h3 $1 {Again this move is very unpleasant for Black.} 20...gxh3 ( 20...h5 21.hxg4 hxg4 ( 21...fxg4 22.Bg6 ) 22.Kf2 ) 21.Qf3 $1 {With a much better position.} ) 20...bxa4 21.Qc2 ( 21.Ra1 {is also good.} ) 21...h5 22.Kh1 {A mysterious move, which I don't quite understand.} ( 22.Qxa4 ) ( 22.Ra1 ) 22...a3 $5 23.bxa3 Nc4 24.Bxc4 dxc4 25.Kg1 {The king goes back to g1. This move is easier to understand. Caruana is preventing the h4-h3 advance before performing any operation to capture the c4-pawn.} 25...h4 $2 {A blunder. The game is basically over after this move.} ( 25...Bd5 {is the best chance, although Black won't have a happy life after:} 26.Nxd5 $5 cxd5 ( 26...Qxd5 {is also possible, with a similar evaluation after} 27.Rb1 ) 27.Rb1 {White definitely has a positional advantage, but the game is not over yet.} ) 26.Nxg4 $1 {The g-pawn falls and Black's position is ruined.} 26...Bd5 ( 26...fxg4 27.Qg6+ {ends in mate.} ) 27.Ne3 Be4 28.Qe2 Bd3 29.Rxd3 $1 {This is a move that the World Champion Tigran Petrosian would play with his eyes closed.} ( 29.Qh5 $6 Qh7 30.Qxh7+ $6 Kxh7 31.Rf2 Ba5 {Black has compensation for the pawn.} ) 29...cxd3 30.Qxd3 {White has a decisive advantage. He has two pawns for the exchange, but in addition, there is an immortal bishop on e5, a well-placed knight and a much superior pawn structure.} 30...Re6 31.Rb1 ( 31.Nxf5 $2 {It's never late to spoil a winning position.} 31...Qh7 {The knight is lost.} ) 31...Rg6 {31...Bf6 or 31...Bb6 are more stubborn.} ( 31...Bf6 ) ( 31...Bb6 ) 32.Rb8 $1 Qf7 33.c4 ( 33.Qxf5 {is easily winning after} 33...Qxf5 34.Nxf5 Rxf5 35.Rxd8+ Rf8 36.Rxf8+ Kxf8 37.Kf2 ) 33...c5 {Trying to get some counterplay, but Caruana gives no chances.} 34.dxc5 Be7 35.Rb7 Qe6 36.Rc7 $1 Rc8 37.Rxc8+ Qxc8 38.Qd5+ Kf8 39.Bd6 {The rest is simple.} 39...Qe6 40.Qxe6 Rxe6 41.Nxf5 Bxd6 42.cxd6 Re1+ 43.Kf2 Rc1 44.Ke3 Ke8 ( 44...Rxc4 45.d7 ) 45.Kd4 Rc2 46.c5 {The avalanche of pawns starts to advance and Black decides to resign.} ( 46.c5 Rxg2 47.c6 Rxh2 48.Ng7+ Kf7 49.c7 Rc2 50.d7 ) 1-0

[Event "Tata Steel Chess Masters 2023"]
[Site "Chess.com"]
[Date "2023.01.17"]
[Round "4"]
[White "Giri, Anish"]
[Black "Carlsen, Magnus"]
[Result "1-0"]
[WhiteElo "2764"]
[BlackElo "2859"]
[ECO "E15"]
[EventDate "2023.??.??"]
[Annotator "Rafael Leitao"]
[PlyCount "69"]
[Beauty "8045547496457"]
[EventType "schev"]
[EventRounds "4"]
[TimeControl "6000+30"]

1.d4 Nf6 2.c4 e6 3.Nf3 b6 {In my analysis of the Gukesh-Ding game, played in the first round, I mentioned that the Queen's Indian was no longer as popular among the elite simply because of \"opening fashion.\" Is this a good time to humbly acknowledge that I was wrong $2 Or is it still too early to condemn this once popular defense $2} 4.g3 Ba6 5.Qc2 {Historically one of the most dangerous lines for Black. To fight for equality, he has to face a variation in which White sacrifices a pawn but gets good compensation.} 5...Bb7 6.Bg2 c5 {This is the natural move and the only way to fight for equality. More than that, it's a matter of logic: if you're not going to play like this, it's better not to play the move 4...Ba6. To be honest, when I was a kid, I had great difficulty understanding the logic of putting the bishop on such a strange square: why not put it directly on the most natural diagonal with 4...Bb7 $2 One of the ideas is precisely this: moving the white queen to c2, so that in this position, the 6...c5 move is stronger since now the pawn is without queen protection after 7.d5. But white players discovered that it was possible to sacrifice this pawn, and a new chapter in opening theory began.} 7.d5 $1 ( 7.O-O $6 cxd4 8.Nxd4 Bxg2 9.Kxg2 {This position does not offer any advantage to White, as the exchange of bishops helps Black, who can now complete his development.} ) ( 7.dxc5 {is better than 7.O-O and worse than 7.d5.} ) 7...exd5 8.cxd5 Nxd5 ( 8...Bxd5 $6 {[%c_effect d5;square;d5;type;Inaccuracy;persistent;true] is considered inaccurate and stopped being played in high-level games.} 9.Nc3 ) 9.O-O Be7 10.Rd1 Nc6 {I have defended this position with Black three times, once in a correspondence game, a variant in which I became a grandmaster, to my complete surprise, before abandoning it completely.} ( 10...Qc8 {is also playable.} ) 11.Qf5 ( 11.a3 Nc7 12.Nc3 O-O 13.Bf4 Ne6 14.e3 Nxf4 15.exf4 d6 16.Rd2 h6 17.Rad1 Qc8 18.Nb5 Rd8 19.Nxd6 Bxd6 20.Rxd6 Rxd6 {½-½ Martin Clemente,J (2645)-Leitao,R (2572) W-ch26 email ICCF email 2010 and the players agreed on a draw.} ) ( 11.Qa4 Nf6 12.Nh4 Qc8 ( 12...O-O 13.Nf5 d5 14.Nc3 Nd4 $1 {[%c_effect d4;square;d4;type;GreatFind;persistent;true] This is considered the best path to equality according to theory.} ) 13.Nf5 Nd4 14.Nxg7+ $6 ( 14.Nxd4 {is the best. After} 14...cxd4 15.Qxd4 O-O 16.Nc3 Re8 {White fights for a small advantage.} ) 14...Kd8 {0-1 Valenzuela Gomez,F (2226)-Leitao,R (2636) Antofagasta Zicosur op 1st 2015 (1) With a complicated position, but one that is already more pleasant for Black.} ) 11...Nf6 12.e4 d6 {Not a popular move. This reminded me of a game by the legendary Judit Polgar in which she had lost after this move. Carlsen himself played this position as White in a 2008 game—it seems like a century ago, but he already had a rating of 2775 back then. The theory here has not developed since 2010.} ( 12...g6 {is the critical move.} 13.Qf4 O-O 14.e5 Nh5 15.Qc4 Na5 {½-½ Mareco,S (2526)-Leitao,R (2620) Vanderley Cason Melo Memorial Campinas 2010 (11) My opponent and I were guilty of agreeing to a draw and ending the fight before it even started. But luckily, we have examples of braver players.} ( 15...d5 16.exd6 Bxd6 17.Nc3 Qb8 ( 17...Na5 $1 ) 18.Bh6 Re8 {1-0 Kantor,G (2575)-Karjakin,S (2743) Wch Rapid Warsaw 2021 (4) This was played in Kantor-Karjakin, Warsaw (rapid) 2021. Now} 19.Nd5 $1 {[%c_effect d5;square;d5;type;GreatFind;persistent;true] gives excellent compensation for White.} ) 16.Qd3 f6 $2 ( 16...Qc7 {is better.} ) 17.Bh6 Rf7 18.Nc3 {1-0 Donchenko,A (2639)-Vavulin,M (2550) CRO-chT1A 30th Porec 2022 (2.4) With an advantage for White in Donchenko-Vavulin, Porec 2022.} ) 13.e5 Qd7 $1 {[%c_effect d7;square;d7;type;GreatFind;persistent;true] The only justification for Black's previous move. Now White has the option of exchanging queens and recovering the pawn or avoiding this exchange and continuing to fight for compensation in a sharp position.} 14.Qxd7+ ( 14.Qf4 Nh5 15.Qc4 O-O 16.Nc3 {1-0 Topalov,V (2803)-Bacrot,E (2716) Nanjing Pearl Spring 3rd 2010 (7) With a complicated game: Topalov-Bacrot, Nanjing 2010.} ) ( 14.Qc2 {Is an interesting try.} 14...Nb4 15.Qe2 Ba6 16.Qe1 Nc2 17.Qd2 Nxa1 18.exf6 Bxf6 19.Re1+ Be7 20.Nc3 O-O-O 21.Qd5 Bb7 22.Qd3 {½-½ Joppich,U (2429)-Kharlamov,V (2487) W-ch35 sf02 email ICCF email 2011 This was played in the correspondence game Joppich-Kharlamov, ICCF email 2011. The position is very complicated, and anything can happen.} ) 14...Nxd7 15.exd6 Bf6 16.Re1+ Kf8 17.Nc3 Nb4 18.Ne5 ( 18.Bg5 {was Carlsen's choice when he had this position.} 18...Nc2 $1 ( 18...Bxf3 $6 19.Bxf3 Rd8 20.Bxf6 Nxf6 21.Re7 Nc2 22.Rd1 Nd4 23.Kg2 {1-0 Bareev,E (2643)-Polgar,J (2727) Candidates sf Elista 2007 (1.2) was better for White in Bareev-Polgar, Elista 2007.} ) 19.Re7 $5 ( 19.Bxf6 Nxf6 20.Re7 Bxf3 21.Bxf3 Re8 22.Rxe8+ Kxe8 23.Rd1 Nd4 24.Bg2 Kd7 25.Bh3+ Kxd6 26.Nb5+ {with a likely draw.} ) 19...Bxf3 ( 19...Bxe7 $1 {[%c_effect e7;square;e7;type;GreatFind;persistent;true] is better. White has good compensation, but probably not more than that after} 20.Bxe7+ Kg8 21.Rc1 Nb4 ) 20.Bxf3 Bxg5 21.Rxd7 Rd8 22.Rxd8+ Bxd8 23.Rd1 Nd4 24.Bg2 h5 {1-0 Carlsen,M (2775)-Pelletier,Y (2569) Biel GM 41st 2008 (1) With the idea of 25...Rh6. Black is close to a draw, but Carlsen's technique was already known in 2008, and he won the game.} ) ( 18.Rd1 {1-0 Dias,P (2406)-Lee,S (2109) Olympiad-38 Dresden 2008 (3) is also possible and was played in Dias-Lee, Dresden (Ol) 2008.} ) 18...Nxe5 19.Bxb7 Rd8 20.Rd1 Nc4 21.d7 {All this is still a theory, but I'm not sure if the players knew about it. The next move is a novelty.} 21...Nc2 ( 21...Ke7 {was played in a correspondence game, always a good indication of the correct path.} 22.Bc8 Nc2 23.Rb1 Nd6 24.Nd5+ Ke6 25.Nxf6 gxf6 26.Ba6 Rxd7 27.Bf4 Ke7 28.Rbc1 Nd4 29.b4 Rhd8 30.bxc5 bxc5 31.Bd3 Ne6 {½-½ Verhaeren,G (2310)-Jørgensen,P (2300) WS $146/144 email ICCF email 2016 and the game later ended in a draw. Verhaeren-Jorgensen, ICCF email 2016.} ) 22.Rb1 Nd4 $2 {[%c_effect d4;square;d4;type;Mistake;persistent;true] This is a mistake since it allows White to open the game.} ( 22...Ne5 $1 23.Nb5 Rxd7 24.Rxd7 Nxd7 25.Nxa7 {and White has only a tiny advantage.} ) 23.b4 $1 {[%c_effect b4;square;b4;type;GreatFind;persistent;true] An exceptional move. Now Black's position is unstable and difficult to defend.} 23...Rxd7 $2 {[%c_effect d7;square;d7;type;Mistake;persistent;true] A mistake never comes alone, a poet once wrote. Now Black is lost.} ( 23...Ne5 {is better, although the position is quite dangerous.} ) 24.Bd5 $1 Nd6 25.bxc5 bxc5 26.Ba3 {Black's position collapses.} 26...Ke7 27.Bxc5 Ne6 28.Bb4 {A solid and human move. The computer finds other ways to win as well.} ( 28.Ne4 Nxc5 29.Nxc5 Rdd8 ( 29...Rc7 30.Re1+ Kd8 31.Na6 $1 Rc8 32.Bxf7 $1 {[%c_effect f7;square;f7;type;GreatFind;persistent;true] winning an important pawn. Black is mated after} 32...Nxf7 $2 33.Rbd1+ ) 30.Rd3 {The machine is quite happy with White's position, although this doesn't seem like a clear choice for a flesh and blood player.} ) ( 28.Bc6 $5 {[%c_effect c6;square;c6;type;Interesting;persistent;true] Here we have some brutal calculation.} 28...Bxc3 ( 28...Nxc5 29.Nd5+ Ke6 ( 29...Kd8 30.Rb8+ Nc8 31.Bxd7 Nxd7 32.Nxf6 gxf6 33.Rb7 Nb6 34.a4 Kc8 35.Rxa7 {with a winning position.} ) 30.Rbc1 $1 Nce4 31.Bxd7+ Kxd7 32.Rc7+ Ke6 33.f3 Ng5 34.Nf4+ {White wins material.} ) 29.Bxd6+ Rxd6 30.Rb7+ Nc7 $1 31.Rxc7+ Kd8 32.Rd7+ $1 Rxd7 33.Rxd7+ Kc8 34.Rxa7 Rd8 35.Rxf7 {This nice variation ends in a technically winning endgame for White.} ) 28...a5 ( 28...Bxc3 {is the best chance, even though Black's position hurts the eyes.} 29.Bxc3 {With this magnificent pair of bishops, Giri would have no trouble winning.} ) 29.Bxa5 Rc8 30.Na4 $1 Nc4 31.Rbc1 Be5 32.Bb4+ Kf6 33.Nc5 $1 Nxc5 34.Rxc4 Rdc7 35.Ba5 {Another exceptional example of great opening preparation and a beautiful win by Giri.} ( 35.Ba5 Rd7 36.Bb6 Bd6 37.Bf3 {Further material losses are inevitable.} ) 1-0